 Dungeon Crawl Stone Soup version 0.31.0-32-g396128a36d (webtiles) character file.

Game seed: 1526303545875144147

64 PaiMei the Grave Robber (level 3, -2/26 HPs)
             Began as a Demonspawn Necromancer on Apr 24, 2024.
             Slain by a quokka (3 damage)
             ... on level 3 of the Dungeon.
             The game lasted 00:02:39 (3062 turns).

PaiMei the Grave Robber (Demonspawn Necromancer)    Turns: 3062, Time: 00:02:39

Health: -2/26      AC:  3    Str:  8    XL:     3   Next: 91%
Magic:  0/6        EV: 12    Int: 17    God:
Gold:   137        SH:  0    Dex: 13    Spells: 3/7 levels left

rFire   . . .        f - +0 short sword
rCold   . . .        (no shield)
rNeg    . . .        a - +0 robe
rPois   .            i - +0 helmet
rElec   .            (no cloak)
rCorr   .            (no gloves)
SInv    .            (no boots)
Will    .....        (no amulet)
Stlth   ++           (no ring)
HPRegen 0.24/turn    (no ring)
MPRegen 0.20/turn

%: guardian spirit
@: no status effects
A: magic shield, magic regeneration
a: no special abilities


You were on level 3 of the Dungeon.
You visited 1 branch of the dungeon, and saw 3 of its levels.

You collected 137 gold pieces.

Inventory:

Hand Weapons
 f - a +0 short sword (weapon)
Armour
 a - a +0 robe (worn)
 i - a +0 helmet (worn)
Scrolls
 d - 3 scrolls of identify {unknown}
 e - a scroll of butterflies {unknown}
 j - a scroll of poison {unknown}
 k - 2 scrolls of teleportation {unknown}
 m - a scroll of enchant armour {unknown}
Potions
 b - a potion of magic
 c - 2 potions of heal wounds {unknown}
 g - 2 potions of resistance {unknown}
 h - a potion of lignification {unknown}
 l - 2 potions of mutation {unknown}
 n - a potion of ambrosia {unknown}
 o - a potion of degeneration {unknown}


   Skills:
 + Level 1.3 Fighting
 + Level 2.4 Dodging
 - Level 2.0 Stealth
 + Level 2.5 Spellcasting
 + Level 4.9 Necromancy


You had 3 spell levels left.
You knew the following spells:

 Your Spells              Type           Power      Damage    Failure   Level
a - Necrotise             Necr           72%        1d7       2%          1
b - Vampiric Draining     Necr           18%        2d7       8%          3

Your spell library contained the following spells:

 Spells                   Type           Power      Damage    Failure   Level
 Fugue of the Fallen      Necr           18%        N/A       8%          3
 Foxfire                  Conj/Fire      8%         2x1d4     19%         1
 Magic Dart               Conj           8%         1d3       19%         1
 Shock                    Conj/Air       8%         1d3       19%         1
 Blink                    Tloc           4%         N/A       28%         2
 Call Imp                 Summ           4%         N/A       28%         2
 Ensorcelled Hibernation  Hex/Ice        4%         N/A       28%         2
 Inner Flame              Hex/Fire       2%         N/A       50%         3
 Swiftness                Air            2%         N/A       50%         3
 Animate Dead             Necr           18%        N/A       24%         4
 Anguish                  Hex/Necr       5%         N/A       56%         4
 Curse of Agony           Necr           18%        N/A       56%         5
 Airstrike                Air            1%         2d(1-17)  88%         4
 Irradiate                Conj/Alch      1%         3d12      99%         5
 Plasma Beam              Fire/Air       1%         2x1d11    100%        6
 Starburst                Conj/Fire      1%         6d3       100%        6
 Ignition                 Fire           1%         3d3       100%        8


Dungeon Overview and Level Annotations

Branches:
Dungeon (3/15)

Altars:


Innate Abilities, Weirdness & Mutations

When hurt, damage is shared between your health and your magic reserves.
You regenerate magic rapidly.


Message History

The quokka bites you but does no damage.
The orc misses you.
The orc hits your orc skeleton with a +0 hand axe.
An orc comes into view. It is wielding a +0 club.
Casting: Necrotise (safe; 2% risk of failure)
Confirm with . or Enter, or press ? or * to list all spells.
Aiming: Necrotise (safe; 2% risk of failure)
Press: ? - help, Shift-Dir - straight line, f/p - orc
Aim: an orc, wielding a +0 hand axe (severely wounded, ally target, chance to affect: 88%)
The orc writhes in agony.
The quokka closely misses you.
Your orc skeleton barely misses the orc.
The quokka bites you.
The orc barely misses your orc skeleton.
The orc hits you with a +0 hand axe.
Casting: Necrotise (safe; 2% risk of failure)
Confirm with . or Enter, or press ? or * to list all spells.
Aiming: Necrotise (safe; 2% risk of failure)
Press: ? - help, Shift-Dir - straight line, f/p - orc
Aim: an orc, wielding a +0 hand axe (almost dead, ally target, chance to affect: 88%)
The orc barely resists.
The quokka bites you.
Your orc skeleton misses the orc.
The orc priest mumbles some strange prayers to Beogh against you.
Beogh smites you!
The orc hits your orc skeleton with a +0 hand axe.
Your orc skeleton is destroyed!
The orc barely misses you. The quokka attacks as it pursues you!
The quokka bites you. The quokka attacks as it pursues you!
The quokka bites you but does no damage.
The quokka bites you but does no damage.
The orc attacks as it pursues you! The orc closely misses you.
The orc priest miscasts a cantrip.
The quokka closely misses you.
There is an escape hatch in the floor here.
The orc priest calls down the wrath of Beogh upon you.
Beogh smites you!
* * * LOW HITPOINT WARNING * * *
The orc priest calls upon Beogh to heal the orc.
The orc's wounds heal themselves!
The quokka attacks as it pursues you! The quokka bites you.
You die...

#.# #.# ####.#### ##.###
#.......# #....# ####.......#
#..#.# #..........# ##+## #..#.#
#..........###...## ##....#
..........##.....## #..#..# #
#^......#.......## .
......######.#..@ro...o.......#..
...................>.o.......))..
...#..####.#.#....###.........#..
#(....# # ##.#.# ##.......## #
####.## ####.# ##.....## #.#
..##.# ##...## #.# #.##.# ##+##
##.## #.##.# #.# #...# #.###.##.#
#.#


You could see an orc priest, 2 orcs and a quokka.

Vanquished Creatures
  8 orcs (D:3)
  6 ball pythons
  5 endoplasms (D:1)
  4 giant cockroaches
  6 goblins
  5 hobgoblins
  4 kobolds
  3 quokkas
  3 bats
  2 frilled lizards (D:1)
  3 rats
49 creatures vanquished.

Vanquished Creatures (collateral kills)
  A ball python (D:2)
  A rat (D:3)
2 creatures vanquished.

Grand Total: 51 creatures vanquished

Notes
Turn   | Place    | Note
-------+----------+-------------------------------------------
     0 | D:1      | PaiMei the Demonspawn Necromancer began the quest for the
                  | Orb.
     0 | D:1      | Reached XP level 1. HP: 13/13 MP: 3/3
   672 | D:1      | Gained mutation: You regenerate magic rapidly. [demonic
                  | ancestry]
   672 | D:1      | Reached XP level 2. HP: 19/19 MP: 0/5
  1390 | D:1      | Gained mutation: When hurt, damage is shared between your
                  | health and your magic reserves. [demonic ancestry]
  1390 | D:1      | Reached XP level 3. HP: 25/25 MP: 4/6
  1394 | D:1      | Learned a level 3 spell: Vampiric Draining
  2394 | D:3      | Reached skill level 1 in Fighting
  3060 | D:3      | HP: 1/26 [orc priest/divine providence (10)]
  3062 | D:3      | Slain by a quokka

Illustrated notes

Levels and vault maps discovered:
D:1:      dpeg_arrival_morbid_curiosity, layout_basic
D:2:      layout_rooms, minmay_door_square
D:3:      layout_loops_corners, nicolae_qazlal_style_of_elements

Skill      XL: |  1  2  3 |
---------------+----------+-----
Stealth        | 2 |  2.0
Dodging        | 2 |  2.4
Fighting       | 1 |  1.3
Spellcasting   | |  2.5
Necromancy     | |  4.9

Action                     || total
---------------------------++-------
  Melee: Short sword       ||    10
   Cast: Necrotise         ||    88
 Armour: Robe              ||    22
  Dodge: Dodged            ||    23
